 Dungeon Crawl Stone Soup version 0.21-b1-23-g1fb0a74c36 (webtiles) character file.

309174 qepasa the Bewitcher (level 22, 0/159 HPs)
             Began as a Formicid Enchanter on Jan 5, 2018.
             Was the Champion of Sif Muna.
             Slain by a deep elf blademaster
             ... wielding a +0 rapier
              (18 damage)
             ... on level 3 of the Elven Halls on Jan 6, 2018.
             The game lasted 06:11:42 (50332 turns).

qepasa the Bewitcher (Formicid Enchanter)          Turns: 50332, Time: 06:11:42

Health: 0/159      AC: 19    Str: 26    XL:     22   Next: 16%
Magic:  34/39      EV: 21    Int: 21    God:    Sif Muna [******]
Gold:   1607       SH: 22    Dex: 14    Spells: 5/41 levels left

rFire    + . .     SeeInvis +   a - +8 demon blade "Ykheneos" {elec, rF+ Str+4}
rCold    + . .     Gourm    .   H - +1 large shield {reflect}
rNeg     . . .     Faith    +   o - +5 ring mail "Vunoppoi" {Regen+ Int+2}
rPois    .         Spirit   .   (helmet unavailable)
rElec    .         Reflect  +   r - +2 cloak {rC+}
rCorr    .         Harm     .   k - +1 pair of gloves
MR       ++...                  e - +0 pair of boots of Pirghizi {Dex+3}
Stlth    ++++++....             u - amulet of faith
HPRegen  1.76/turn              s - +5 ring of evasion
MPRegen  0.26/turn              I - +3 ring of intelligence

@: very slightly contaminated, regenerating
A: permanent stasis, dig shafts and tunnels, four strong arms, antennae 3,
hooves 1, high mp 1
}: 2/15 runes: serpentine, barnacled
a: Dig, Shaft Self, Divine Energy, Channel Magic, Forget Spell, Renounce
Religion


You were on level 3 of the Elven Halls.
You worshipped Sif Muna.
Sif Muna was exalted by your worship.
You were very hungry.

You visited 8 branches of the dungeon, and saw 37 of its levels.
You also visited: Ice Cave.

You collected 3957 gold pieces.
You spent 2350 gold pieces at shops.

Inventory:

Hand Weapons
 a - the +8 demon blade "Ykheneos" (weapon) {elec, rF+ Str+4}
   (You found it in an ice cave)

   Occasionally, upon striking a foe, it will discharge some electrical energy
   and cause terrible harm.
   It affects your strength (+4).
   It protects you from fire.
 b - a +2 rapier of draining
 c - a +2 scimitar of flaming
 d - a +2 rapier of venom
Armour
 e - the +0 pair of boots of Pirghizi (worn) {Dex+3}
   (You found it on level 2 of the Vaults)

   It affects your dexterity (+3).
 h - a scarf of cloud immunity
 k - a +1 pair of gloves (worn)
 o - the +5 ring mail "Vunoppoi" (worn) {Regen+ Int+2}
   (You bought it in a shop on level 8 of the Dungeon)

   It affects your intelligence (+2).
   It increases your rate of regeneration.
 p - the +10 plate armour "Baro" {*Slow Dex+2 Stlth+}
   (You bought it in a shop on level 3 of the Snake Pit)

   It affects your dexterity (+2).
   It may slow you when you take damage.
   It makes you more stealthy.
 r - a +2 cloak of cold resistance (worn)
 H - a +1 large shield of reflection (worn)
Jewellery
 i - an uncursed ring of poison resistance
 s - a +5 ring of evasion (left hand)
 u - an amulet of faith (around neck)
 D - an uncursed ring of ice
 I - a +3 ring of intelligence (right hand)
 J - an uncursed ring of fire
 K - an uncursed ring of ice
 S - a +3 ring of slaying
Scrolls
 g - a scroll of silence {unknown}
 x - 16 scrolls of remove curse
 y - 2 scrolls of magic mapping
 z - 9 scrolls of identify
Potions
 q - 4 potions of heal wounds
 M - 4 potions of curing
Comestibles
 f - 6 chunks of flesh
 j - 67 rations


   Skills:
 - Level 10.0 Fighting
 - Level 1.0(9.3) Short Blades
 - Level 13.9(14.0) Long Blades
 - Level 10.0 Armour
 - Level 8.0 Dodging
 - Level 16.0 Stealth
 - Level 15.0 Shields
 - Level 10.0 Spellcasting
 - Level 19.0 Hexes
 - Level 10.0 Charms
 - Level 10.0 Necromancy
 - Level 8.0 Translocations
 - Level 2.1 Transmutations
   Level 2.0 Ice Magic
 - Level 5.0 Air Magic
 * Level 9.2 Earth Magic


You had 5 spell levels left.
You knew the following spells:

 Your Spells              Type           Power        Failure   Level  Hunger
a - Slow                  Hex            ######..     0%          2    None
b - Confuse               Hex            ######..     0%          3    None
c - Leda's Liquefaction   Hex/Erth       ######....   1%          4    ##.....
d - Regeneration          Chrm/Necr      ######....   1%          3    None
e - Shroud of Golubria    Chrm/Tloc      #####.....   1%          2    None
f - Spectral Weapon       Hex/Chrm       ######..     1%          3    None
g - Petrify               Tmut/Erth      ####....     9%          4    ##.....
h - Swiftness             Chrm/Air       #####...     1%          2    None
i - Invisibility          Hex            ######..     1%          6    ######.
j - Silence               Hex/Air        ######....   1%          5    ####...
z - Sublimation of Blood  Necr           ######....   1%          2    None


Dungeon Overview and Level Annotations

Branches:
Dungeon (15/15)            Temple (1/1) D:5            Lair (6/6) D:9
 Shoals (4/4) Lair:3        Snake (4/4) Lair:3        Slime (0/5) Lair:6
    Orc (2/2) D:10            Elf (3/3) Orc:2        Vaults (2/5) D:14
  Crypt (0/3) Vaults:2     Depths (0/5) D:15

Altars:
Ashenzari
Cheibriados
Dithmenos
Elyvilon
Fedhas
Gozag
Hepliaklqana
Kikubaaqudgha
Makhleb
Nemelex Xobeh
Okawaru
Qazlal
Ru
Sif Muna
Trog
Uskayaw
Vehumet
Wu Jian
Xom
Yredelemnul
Zin
The Shining One
Jiyva

Shops:
D:8 [   D:10 (   D:15 }   Orc:2 %(=}   Elf:1 (}=}   Elf:3 [   Snake:2 %
Snake:3 (=[[   Snake:4 !   Vaults:1 *

Annotations:
Snake:3 Bai Suzhen
Vaults:2 Frederick


Innate Abilities, Weirdness & Mutations

You cannot be hasted, slowed, berserked, paralysed or teleported.
You can dig through walls and to a lower floor.
Your four strong arms can wield two-handed weapons with a shield.
You have a pair of large antennae on your head. (SInv)
You have large cloven feet.
You have an increased reservoir of magic. (+10% MP)


Message History

Here: a deep elf blademaster, wielding two rapiers and wearing a leather armour The floor.
The deep elf blademaster hits you with a rapier!
The deep elf blademaster hits you with a rapier!!
You block the deep elf blademaster's attack.
The deep elf blademaster closely misses you.
You block the deep elf blademaster's attack. x2
You block the deep elf blademaster's attack.
The deep elf blademaster hits you but does no damage.
You block the deep elf blademaster's attack. x2
There is a stone staircase leading up here.
Casting: Silence
Confirm with . or Enter, or press ? or * to list all spells.
Your skin crawls.
The deep elf blademaster hits you with a rapier!!
The deep elf blademaster misses you.
You block the deep elf blademaster's attack. x2
The deep elf blademaster hits you with a rapier!
The deep elf blademaster hits you with a rapier!!
You die...

####'######.#######.#..
#.......##.####........
##.......#'##
#..#...#.. #.........##
##.#......
##.[.......##
##.#).....
#...........#
#...).....
#...........#
#..#.#)#..
#.......ee..#
#.........
##......@..##
#..##...## #.........#
##.....### ##.......##
#.###.### #.......'##
#.# #.##. ######'##.##
#.# #.#.#
#.###)####'####.## #.#
##.#.....#.## #.#
##'.....'## #.#
#.......#


You could see 2 deep elf blademasters.

Vanquished Creatures
  Saint Roka (Elf:2)
  Nikola (Elf:1)
  Jorgrun (Elf:3)
  Polyphemus (Shoals:4)
  A sphinx (Vaults:1)
  A kraken (Shoals:1)
  Roxanne (Snake:4)
  Kirke (Lair:5)
  9 nagarajas
  Ilsuiw (Shoals:4)
  5 deep elf sorcerers
  A vault warden (Vaults:2)
  Louise (Snake:1)
  A deep elf elementalist (Elf:2)
  The ghost of tehanu the Stickfighter, a journeyman GrBe of Trog (Shoals:1)
  An ironheart preserver (Vaults:1)
  2 stone giants
  A deep elf annihilator (Elf:2)
  A deep elf demonologist (Elf:3)
  7 merfolk javelineers
  A fire dragon (Lair:6)
  Erolcha (D:11)
  A deep elf death mage (Elf:1)
  7 merfolk impalers
  9 ogre magi
  A great orb of eyes (Vaults:1)
  Harold (Lair:4)
  4 yaktaur captains
  4 vault guards
  4 hydras (Lair:6)
  A rakshasa (Vaults:2)
  9 centaur warriors
  6 anacondas
  An ice dragon (Vaults:2)
  7 naga warriors
  12 merfolk aquamancers
  Erica (Lair:1)
  2 catoblepae
  25 two-headed ogres
  A satyr (Shoals:3)
  5 merfolk avatars
  An alligator snapping turtle (Shoals:3)
  4 death knights
  21 death yaks
  26 dancing weapons
  The ghost of NihilVerum the Black Sun, a novice DsNe of Kikubaaqudgha (Lair:1)
  Urug (Lair:4)
  6 naga sharpshooters
  11 deep elf knights
  Nergalle (Lair:2)
  6 shock serpents
  7 skeletal warriors
  3 salamander mystics
  A fire crab (shapeshifter) (D:14)
  The ghost of Ivernyr the Thrower, a novice OgHu of Qazlal (D:5)
  20 sea snakes
  3 unseen horrors
  A swamp dragon (Lair:6)
  2 naga ritualists
  A glowing orange brain (Vaults:1)
  4 ironbrand convokers
  4 phantasmal warriors
  An obsidian statue (D:14)
  3 lindwurms (Lair:6)
  2 wizards
  A flayed ghost (Vaults:1)
  15 deep elf archers
  A necromancer (D:14)
  24 harpies
  2 orc sorcerers
  A harpy (shapeshifter) (D:13)
  50 deep elf magi
  25 ugly things
  A wolf spider (Vaults:1)
  4 mana vipers
  2 orc knights
  An oklob plant (Lair:6)
  18 manticores
  13 fauns
  11 salamanders
  7 cyclopes
  2 centaur zombies (D:13)
  5 merfolk sirens
  18 naga magi
  32 black mambas
  2 vault sentinels (Vaults:1)
  4 water nymphs
  13 elephants
  2 guardian serpents
  Psyche (D:11)
  9 spiny frogs
  2 gargoyles (D:13)
  2 torpor snails
  2 ice statues (IceCv)
  5 centaur skeletons
  13 komodo dragons
  28 yaktaurs
  5 rime drakes (Lair:6)
  7 freezing wraiths
  A queen bee (D:12)
  9 ice devils (IceCv)
  A meliai (shapeshifter) (D:14)
  25 merfolk
  11 trolls
  3 meliai (D:12)
  6 wind drakes
  A hornet (Vaults:1)
  11 blink frogs
  A hippogriff (shapeshifter) (Vaults:1)
  8 slime creatures
  4 snapping turtles
  16 dream sheep
  6 hippogriffs
  A frost giant simulacrum (Vaults:2)
  An air elemental (Elf:1)
  5 water elementals
  A vampire (D:14)
  A redback (shapeshifter) (Vaults:1)
  4 wyverns
  A wraith (Vaults:1)
  2 hungry ghosts
  41 yaks
  6 hogs (Lair:5)
  Grum (D:11)
  A basilisk (shapeshifter) (D:15)
  3 basilisks
  3 fire elementals
  21 humans (D:14)
  Edmund (D:6)
  3 steam dragons
  7 vampire mosquitoes
  3 wargs
  2 acid dragons
  50 nagas
  6 porcupines
  5 water moccasins
  Duvessa (D:5)
  A sky beast (D:14)
  A swamp drake (Lair:6)
  5 ice beasts
  18 orc warriors
  2 phantoms
  An ettin simulacrum (Vaults:1)
  10 wolves
  46 ogres
  4 boggarts (Vaults:1)
  20 centaurs
  14 crocodiles
  2 big kobolds (D:10)
  12 bullfrogs
  An earth elemental (Elf:1)
  A wyvern zombie (D:11)
  A water moccasin skeleton (D:5)
  Dowan (D:5)
  3 scorpions
  30 killer bees
  13 wights
  3 electric eels
  5 howler monkeys
  A bullfrog zombie (D:9)
  7 crimson imps
  A quasit (D:12)
  13 orc priests
  7 hounds
  6 jellies
  19 orc wizards
  Crazy Yiuf (D:3)
  Ijyb (D:5)
  Terence (D:2)
  6 iguanas
  8 worker ants
  2 worker ant zombies
  10 adders
  6 shadow imps
  8 white imps (IceCv)
  5 ufetubi (IceCv)
  7 oozes
  An adder skeleton (D:5)
  An adder zombie (D:8)
  2 worms
  5 leopard geckos
  66 orcs
  4 ball pythons
  7 bats
  4 giant cockroaches
  5 goblins
  5 hobgoblins
  7 jackals
  13 kobolds
  3 quokkas (D:3)
  2 frilled lizards
  A jackal skeleton (D:5)
  A leopard gecko skeleton (D:5)
  A quokka skeleton (D:4)
  4 rats (D:2)
  3 bushes (Lair:3)
  3 butterflies
  8 plants
1323 creatures vanquished.

Vanquished Creatures (collateral kills)
  2 killer bees (D:12)
2 creatures vanquished.

Vanquished Creatures (others)
  A reaper (IceCv)
  2 deep elf magi (Elf:3)
  A wolf (Lair:2)
  4 white imps (IceCv)
  3 ufetubi (IceCv)
  A bush (Lair:3)
  27 fungi
  50 plants
  32 spectral weapons
  9 tentacles (Shoals:1)
130 creatures vanquished.

Grand Total: 1455 creatures vanquished

Notes
Turn   | Place    | Note
-------+----------+-------------------------------------------
     0 | D:1      | qepasa the Formicid Enchanter began the quest for the Orb.
     0 | D:1      | Reached XP level 1. HP: 13/13 MP: 3/3
   256 | D:1      | Reached skill level 1 in Fighting
   806 | D:2      | Reached XP level 2. HP: 22/22 MP: 3/5
   972 | D:2      | Noticed Terence
  1160 | D:2      | Reached XP level 3. HP: 28/28 MP: 3/6
  1165 | D:2      | Learned a level 3 spell: Confuse
  2097 | D:3      | Reached XP level 4. HP: 19/35 MP: 5/7
  2391 | D:3      | Reached skill level 1 in Armour
  2533 | D:3      | Reached skill level 4 in Hexes
  2715 | D:3      | Found a runed door.
  2804 | D:3      | Found an ornate altar of the Wu Jian Council.
  2806 | D:3      | Found a blossoming altar of Fedhas.
  2808 | D:3      | Found an iron altar of Okawaru.
  2810 | D:3      | Found a stormy altar of Qazlal.
  2810 | D:3      | Found a glowing silver altar of Zin.
  2816 | D:3      | Found a deep blue altar of Sif Muna.
  2821 | D:3      | Found an opulent altar of Gozag.
  2826 | D:3      | Became a worshipper of Sif Muna the Loreminder
  3005 | D:4      | Got a bloodstained quarterstaff
  3006 | D:4      | Identified the +2 quarterstaff "Miotuf" {pain, +Inv rN+ Dex-2} (You found it on level 4 of the Dungeon)
  3136 | D:3      | Noticed Crazy Yiuf
  3576 | D:4      | Found an ancient bone altar of Kikubaaqudgha.
  3578 | D:4      | Found a bloodstained altar of Trog.
  3646 | D:4      | Reached XP level 5. HP: 39/41 MP: 6/8
  3828 | D:5      | Entered Level 5 of the Dungeon
  3830 | D:5      | Found a staircase to the Ecumenical Temple.
  3866 | D:5      | Noticed a centaur
  3873 | D:5      | Noticed Ivernyr's ghost (novice OgHu)
  3921 | D:5      | Reached skill level 5 in Hexes
  3921 | D:5      | Reached XP level 6. HP: 41/47 MP: 9/9
  3926 | D:5      | Noticed Ijyb
  3942 | D:5      | Killed Ijyb
  3959 | D:5      | Found a hazy altar of Hepliaklqana.
  4126 | D:5      | Reached skill level 6 in Hexes
  4281 | Temple   | Entered the Ecumenical Temple
  4568 | D:5      | Noticed Duvessa
  4578 | D:5      | Noticed Dowan
  4610 | D:5      | Killed Dowan
  4610 | D:5      | Reached XP level 7. HP: 39/52 MP: 6/10
  4654 | D:5      | Killed Duvessa
  4654 | D:5      | Reached * piety under Sif Muna
  4654 | D:5      | Reached skill level 7 in Hexes
  4682 | D:5      | Reached skill level 8 in Hexes
  4993 | D:5      | Reached XP level 8. HP: 53/58 MP: 9/11
  5167 | D:3      | Killed Crazy Yiuf
  5167 | D:3      | Reached skill level 9 in Hexes
  5254 | D:2      | Killed Terence
  5900 | D:6      | Noticed Edmund
  5931 | D:6      | Killed Edmund
  6496 | D:7      | Reached ** piety under Sif Muna
  6496 | D:7      | Reached skill level 10 in Hexes
  6562 | D:7      | Noticed a troll
  6666 | D:7      | Killed a troll
  6666 | D:7      | Reached skill level 11 in Hexes
  6666 | D:7      | Reached XP level 9. HP: 34/63 MP: 3/12
  6843 | D:7      | Reached skill level 12 in Hexes
  6937 | D:7      | Found a glowing golden altar of the Shining One.
  7190 | D:7      | Reached *** piety under Sif Muna
  7648 | D:8      | Noticed a troll
  7685 | D:8      | Killed a troll
  7700 | D:8      | Found Senauqoa's Antique Armour Boutique.
  8011 | D:8      | Bought a crude ring mail for 279 gold pieces
  8448 | D:9      | Reached skill level 13 in Hexes
  8493 | D:9      | Reached XP level 10. HP: 27/71 MP: 11/16
  8888 | D:9      | Reached skill level 5 in Stealth
  8955 | D:9      | Found a staircase to the Lair.
  9025 | D:9      | Noticed a two-headed ogre
  9133 | D:9      | Reached skill level 5 in Spellcasting
  9327 | D:9      | Reached **** piety under Sif Muna
  9665 | D:8      | Reached skill level 5 in Fighting
  9972 | D:9      | Killed a two-headed ogre
 10077 | Lair:1   | Entered Level 1 of the Lair of Beasts
 10223 | Lair:1   | Noticed a komodo dragon
 10238 | Lair:1   | Noticed Erica
 10303 | Lair:1   | Killed Erica
 10303 | Lair:1   | Reached skill level 14 in Hexes
 10406 | Lair:1   | Killed a komodo dragon
 10406 | Lair:1   | Reached ***** piety under Sif Muna
 10406 | Lair:1   | Identified Juoruzit's Grimoire of Malediction and Summoning (Sif Muna gifted it to you on level 1 of the Lair of Beasts)
 10406 | Lair:1   | Received a gift from Sif Muna
 10406 | Lair:1   | Reached XP level 11. HP: 48/79 MP: 9/21
 10586 | Lair:1   | Reached skill level 1 in Long Blades
 10919 | Lair:1   | Noticed NihilVerum's ghost (novice DsNe)
 11238 | D:9      | Identified the +5 ring mail "Vunoppoi" {Regen+ Int+2} (You bought it in a shop on level 8 of the Dungeon)
 11259 | D:10     | Entered Level 10 of the Dungeon
 11558 | D:10     | Found a white marble altar of Elyvilon.
 11603 | D:10     | Found Dasesawk's Weapon Shoppe.
 11604 | D:10     | Found a staircase to the Orcish Mines.
 12531 | D:11     | Noticed a brown ugly thing
 12548 | D:11     | Noticed Psyche
 12557 | D:11     | Killed a brown ugly thing
 12557 | D:11     | Reached skill level 15 in Hexes
 12593 | D:11     | Killed Psyche
 12662 | D:11     | Noticed a cyclops
 12668 | D:11     | Killed a cyclops
 12883 | D:11     | Noticed a skeletal warrior
 12930 | D:11     | Noticed a death knight
 13058 | Lair:1   | Killed NihilVerum's ghost
 13298 | Lair:1   | Reached XP level 12. HP: 78/87 MP: 24/24
 13318 | Lair:2   | Noticed Nergalle
 13631 | Lair:2   | Reached skill level 5 in Armour
 14126 | Lair:2   | Reached skill level 5 in Long Blades
 14664 | Lair:3   | Noticed a death yak
 14694 | Lair:3   | Found a staircase to the Snake Pit.
 14720 | Lair:3   | Noticed a catoblepas
 14842 | Lair:3   | Found a staircase to the Shoals.
 15163 | Lair:3   | Received a gift from Sif Muna
 15163 | Lair:3   | Reached skill level 16 in Hexes
 15223 | Lair:3   | Learned a level 6 spell: Invisibility
 15442 | Lair:3   | Reached XP level 13. HP: 62/96 MP: 21/25
 15742 | Lair:4   | Noticed Harold
 15758 | Lair:4   | Killed Harold
 16000 | Lair:4   | Reached skill level 17 in Hexes
 16249 | Lair:4   | Noticed Urug
 16301 | Lair:4   | Killed Urug
 16356 | Lair:4   | Identified Sif Muna's Guide on Confrontation (Sif Muna gifted it to you on level 4 of the Lair of Beasts)
 16356 | Lair:4   | Received a gift from Sif Muna
 16861 | Lair:5   | Found a stormy altar of Qazlal.
 16963 | Lair:5   | Reached skill level 18 in Hexes
 17260 | Lair:5   | Noticed Kirke
 17949 | Lair:6   | Entered Level 6 of the Lair of Beasts
 17993 | Lair:6   | Found a staircase to the Slime Pits.
 17993 | Lair:6   | Found a viscous altar of Jiyva.
 18076 | Lair:6   | Reached skill level 19 in Hexes
 18149 | Lair:6   | Noticed a four-headed hydra
 18178 | Lair:6   | Killed a one-headed hydra
 18225 | Lair:6   | Received a gift from Sif Muna
 18230 | Lair:6   | Learned a level 2 spell: Slow
 18268 | Lair:6   | Noticed an eight-headed hydra
 18301 | Lair:6   | Killed a three-headed hydra
 18301 | Lair:6   | Reached XP level 14. HP: 81/103 MP: 11/27
 18771 | D:9      | Learned a level 4 spell: Leda's Liquefaction
 18853 | D:5      | Killed Ivernyr's ghost
 18853 | D:5      | Reached skill level 10 in Spellcasting
 18972 | Orc:1    | Entered Level 1 of the Orcish Mines
 19139 | Orc:1    | Got a polished scale mail
 19179 | Orc:1    | Identified the +4 scale mail "Picaxu" {Str+6 Slay+2} (You found it on level 1 of the Orcish Mines)
 19470 | Lair:2   | Killed Nergalle
 19470 | Lair:2   | Reached skill level 1 in Earth Magic
 19613 | D:11     | Noticed Grum
 19645 | D:11     | Killed Grum
 19738 | D:11     | Noticed Erolcha
 19756 | D:11     | Killed Erolcha
 19767 | D:11     | Learned a level 4 spell: Petrify
 19773 | D:11     | Learned a level 5 spell: Metabolic Englaciation
 20351 | D:12     | HP: 5/103 [freezing wraith[a death knight] (17)]
 20671 | D:12     | Reached skill level 1 in Ice Magic
 20789 | D:12     | Reached skill level 1 in Transmutations
 21433 | D:12     | Identified Sif Muna's Almanac of Enthralling Protection (Sif Muna gifted it to you on level 12 of the Dungeon)
 21433 | D:12     | Received a gift from Sif Muna
 21446 | D:12     | Reached skill level 5 in Dodging
 21485 | D:12     | Learned a level 3 spell: Spectral Weapon
 21491 | D:12     | Learned a level 5 spell: Silence
 21949 | D:13     | Reached skill level 1 in Charms
 22397 | D:13     | Found a stormy altar of Qazlal.
 22925 | D:13     | Reached skill level 5 in Charms
 22925 | D:13     | Reached XP level 15. HP: 46/110 MP: 15/29
 23286 | D:14     | Found a frozen archway.
 23566 | IceCv    | Entered an ice cave
 23968 | IceCv    | Reached skill level 1 in Shields
 24021 | IceCv    | Identified Sif Muna's Reference Book on Shifting Enchantment (Sif Muna gifted it to you in an ice cave)
 24021 | IceCv    | Received a gift from Sif Muna
 24049 | IceCv    | Noticed a reaper
 24521 | IceCv    | Killed a reaper
 24559 | IceCv    | Got an ancient demon blade
 24694 | D:14     | Identified the +8 demon blade "Ykheneos" {elec, rF+ Str+4} (You found it in an ice cave)
 25041 | D:14     | Found a sparkling altar of Nemelex Xobeh.
 25721 | D:14     | Found a gate to the Vaults.
 25858 | D:15     | Entered Level 15 of the Dungeon
 26011 | D:15     | Reached ****** piety under Sif Muna
 26090 | D:15     | Found Hisu's Gadget Shop.
 26705 | D:9      | Learned a level 2 spell: Sublimation of Blood
 26944 | Lair:3   | Reached skill level 1 in Air Magic
 27065 | Lair:5   | Killed Kirke
 27065 | Lair:5   | Identified Gusy's Almanac of Intoxication and the Escort (Sif Muna gifted it to you on level 5 of the Lair of Beasts)
 27065 | Lair:5   | Received a gift from Sif Muna
 27065 | Lair:5   | Reached skill level 10 in Charms
 27065 | Lair:5   | Reached skill level 1 in Necromancy
 27121 | Lair:6   | Reached XP level 16. HP: 118/118 MP: 30/30
 27599 | Lair:6   | Reached skill level 5 in Shields
 27768 | Lair:6   | Reached skill level 10 in Stealth
 28013 | Lair:6   | Got a warped hunting sling
 28354 | D:9      | Gained mutation: You have large cloven feet. [potion of mutation]
 28354 | D:9      | Gained mutation: You have an increased reservoir of magic. (+10% MP) [potion of mutation]
 28554 | Orc:2    | Entered Level 2 of the Orcish Mines
 29732 | D:15     | Found a staircase to the Depths.
 30131 | Orc:2    | Found a staircase to the Elven Halls.
 30369 | Orc:2    | Reached XP level 17. HP: 115/126 MP: 9/34
 30556 | Orc:2    | Found Dugurr's Gadget Shop.
 30556 | Orc:2    | Found Akhlog's Jewellery Emporium.
 30557 | Orc:2    | Found Jasir's Antique Weapon Emporium.
 30557 | Orc:2    | Found Kimeut's Food Boutique.
 31709 | Shoals:1 | Entered Level 1 of the Shoals
 31713 | Shoals:1 | Noticed tehanu's ghost (journeyman GrBe)
 31915 | Snake:1  | Entered Level 1 of the Snake Pit
 31921 | Snake:1  | Reached skill level 10 in Fighting
 32239 | Snake:1  | Identified Sif Muna's Grimoire of the Enchanting Voyage (Sif Muna gifted it to you on level 1 of the Snake Pit)
 32239 | Snake:1  | Received a gift from Sif Muna
 32527 | Snake:1  | Noticed Louise
 32550 | Snake:1  | Killed Louise
 33306 | Snake:2  | Found Ceum's Food Boutique.
 33598 | Snake:2  | Reached skill level 10 in Armour
 33785 | Snake:3  | Found Icill's Antique Armour Emporium.
 33785 | Snake:3  | Found Xeag's Jewellery Shoppe.
 33787 | Snake:3  | Found Adut's Antique Armour Emporium.
 33788 | Snake:3  | Found Biquseer's Antique Weapon Shoppe.
 34210 | Snake:3  | Reached skill level 10 in Long Blades
 34298 | Snake:3  | Noticed Bai Suzhen
 34720 | Snake:3  | Reached XP level 18. HP: 133/134 MP: 33/35
 34961 | Snake:4  | Entered Level 4 of the Snake Pit
 35098 | Snake:4  | Noticed Roxanne
 35369 | Snake:4  | Killed Roxanne
 35370 | Snake:4  | Identified Roxanne's Collected Works on Moulding (You took it off Roxanne on level 4 of the Snake Pit)
 35667 | Snake:4  | Found Lizxuhuo's Distillery.
 37125 | Snake:4  | Got a serpentine rune of Zot
 37159 | Snake:4  | Reached skill level 15 in Stealth
 37254 | Snake:3  | Bought a steaming plate armour for 896 gold pieces
 37265 | Snake:3  | Identified the +7 plate armour of Lifelessness {rC+ rN+ Stlth-} (You bought it in a shop on level 3 of the Snake Pit)
 37266 | Snake:3  | Bought a jewelled plate armour for 896 gold pieces
 37277 | Snake:3  | Identified the +10 plate armour "Baro" {*Slow Dex+2 Stlth+} (You bought it in a shop on level 3 of the Snake Pit)
 37403 | Shoals:1 | Killed tehanu's ghost
 37876 | Shoals:1 | Noticed a kraken
 38337 | Shoals:1 | Killed a kraken
 38337 | Shoals:1 | Reached XP level 19. HP: 67/140 MP: 28/36
 39072 | Shoals:2 | Identified Sif Muna's Reference Book on Boosting Evil Rites (Sif Muna gifted it to you on level 2 of the Shoals)
 39072 | Shoals:2 | Received a gift from Sif Muna
 39081 | Shoals:2 | Reached skill level 5 in Necromancy
 40099 | Shoals:3 | Found a hazy altar of Hepliaklqana.
 40702 | Shoals:4 | Entered Level 4 of the Shoals
 40855 | Shoals:4 | Noticed Polyphemus
 40876 | Shoals:4 | Killed Polyphemus
 41447 | Shoals:4 | Reached skill level 10 in Shields
 41526 | Shoals:4 | Noticed Ilsuiw
 41793 | Shoals:4 | Identified Sif Muna's Tome of Aid (Sif Muna gifted it to you on level 4 of the Shoals)
 41793 | Shoals:4 | Received a gift from Sif Muna
 42045 | Shoals:4 | Reached XP level 20. HP: 64/147 MP: 16/37
 42479 | Shoals:4 | Identified the Grimoire of Blistering Stones
 42488 | Shoals:4 | Killed Ilsuiw
 42655 | Shoals:4 | Got a barnacled rune of Zot
 43549 | D:9      | Learned a level 2 spell: Swiftness
 43564 | D:9      | Learned a level 2 spell: Shroud of Golubria
 43714 | Vaults:1 | Entered Level 1 of the Vaults
 43883 | Vaults:1 | Reached skill level 10 in Necromancy
 45310 | Vaults:1 | Found Ifoa's Assorted Antiques.
 45317 | Vaults:1 | Bought a scroll labeled RABLUR AHYSEL for 31 gold pieces
 45317 | Vaults:1 | Bought a scroll labeled GEAPPE COMO for 31 gold pieces
 45477 | Vaults:2 | Reached skill level 15 in Shields
 45482 | Vaults:2 | Identified Sif Muna's Tome of Unstable Enchantment (Sif Muna gifted it to you on level 2 of the Vaults)
 45482 | Vaults:2 | Received a gift from Sif Muna
 45484 | Vaults:2 | Reached skill level 1 in Translocations
 45507 | Vaults:2 | Got a pair of scorched boots
 45556 | Vaults:2 | Identified the cursed +0 pair of boots of Pirghizi {Dex+3} (You found it on level 2 of the Vaults)
 45582 | Vaults:2 | Found a staircase to the Crypt.
 45582 | Vaults:2 | Found an ancient bone altar of Kikubaaqudgha.
 45583 | Vaults:2 | Found a basalt altar of Yredelemnul.
 45749 | Vaults:2 | Reached XP level 21. HP: 108/153 MP: 26/38
 45936 | Vaults:2 | Noticed Frederick
 46463 | Elf:1    | Entered Level 1 of the Elven Halls
 46482 | Elf:1    | Reached skill level 5 in Translocations
 46555 | Elf:1    | Noticed Nikola
 46777 | Elf:1    | Found Yciecsoq's Weapon Boutique.
 46807 | Elf:1    | Killed Nikola
 47062 | Elf:1    | Identified Sif Muna's Almanac of Darkness (Sif Muna gifted it to you on level 1 of the Elven Halls)
 47062 | Elf:1    | Received a gift from Sif Muna
 47352 | Elf:1    | Found Cyowoinau's Gadget Boutique.
 47352 | Elf:1    | Found Lanutz's Jewellery Shoppe.
 47353 | Elf:1    | Found Akhing's Gadget Boutique.
 47456 | Elf:1    | Identified Raasub's Incunabulum of Confrontation and the Escort
 47641 | Elf:2    | Found a radiant altar of Vehumet.
 47846 | Elf:2    | Found a huge runed gate.
 47846 | Elf:2    | Found a huge runed gate.
 47846 | Elf:2    | Found a huge runed gate.
 48236 | Elf:2    | Noticed Saint Roka
 48313 | Elf:2    | Killed Saint Roka
 48313 | Elf:2    | Reached skill level 5 in Earth Magic
 48608 | Elf:2    | Received a gift from Sif Muna
 48831 | Elf:2    | Learned a level 3 spell: Regeneration
 48973 | Elf:3    | Entered Level 3 of the Elven Halls
 48973 | Elf:3    | Found Petees's Antique Armour Shoppe.
 48975 | Elf:3    | Bought a faintly glowing leather armour for 217 gold pieces
 48985 | Elf:3    | Identified the cursed +0 leather armour of the Untouchables {rC+ Regen+ Str-5 Dex+2} (You bought it in a shop on level 3 of the Elven Halls)
 49231 | D:9      | Identified the +12 hunting sling "Vecud" {freeze, rF+ rC+ MR+} (You found it on level 6 of the Lair of Beasts)
 49904 | Elf:3    | Noticed Jorgrun
 49915 | Elf:3    | Killed Jorgrun
 49915 | Elf:3    | Reached skill level 5 in Air Magic
 49915 | Elf:3    | Reached XP level 22. HP: 156/159 MP: 23/39
 50332 | Elf:3    | Slain by a deep elf blademaster

Skill      XL: |  1  2  3  4  5  6  7  8  9 10 11 12 13 14 15 16 17 18 19 20 21 22 |
---------------+-------------------------------------------------------------------+-----
Fighting       | 1 2 3 5 7 8 9 10 | 10.0
Dodging        | 2 3 4 5 6 8 |  8.0
Armour         | 2 3 4 6 7 8 10 | 10.0
Stealth        | 4 6 7 8 9 10 12 15 16 | 16.0
Hexes          | 4 5 6 8 11 13 14 15 16 19 | 19.0
Spellcasting   | 4 7 8 9 10 | 10.0
Long Blades    | 4 6 7 8 10 12 13 | 13.9
Earth Magic    | 3 7 9 |  9.2
Ice Magic      | 2 |  2.0
Transmutations | 2 |  2.1
Charms         | 5 10 | 10.0
Shields        | 4 6 9 10 15 | 15.0
Air Magic      | 1 2 5 |  5.0
Necromancy     | 1 3 4 9 10 | 10.0
Translocations | 3 8 |  8.0
Short Blades   | |  1.0

Action                   |  1- 3 |  4- 6 |  7- 9 | 10-12 | 13-15 | 16-18 | 19-21 | 22-24 || total
-------------------------+-------+-------+-------+-------+-------+-------+-------+-------++-------
Melee: Dagger            |    18 |       |    46 |    64 |    39 |     9 |       |       ||   176
       Whip              |    73 |   117 |   229 |    92 |       |       |       |       ||   511
       Quarterstaff      |       |    29 |       |       |       |       |       |       ||    29
       Scimitar          |       |       |       |   488 |   872 |    32 |       |       ||  1392
       Glaive            |       |       |       |       |    11 |       |       |       ||    11
       Demon blade       |       |       |       |       |   156 |   868 |  1076 |    53 ||  2153
 Cast: Corona            |    22 |    30 |    33 |    62 |    30 |       |       |       ||   177
       Confuse           |       |    10 |    44 |   169 |   262 |    84 |    83 |       ||   652
       Slow              |       |       |       |       |    65 |    61 |    73 |       ||   199
       Spectral Weapon   |       |       |       |       |    48 |   136 |   153 |     2 ||   339
       Invisibility      |       |       |       |       |     7 |     4 |     7 |     1 ||    19
       Silence           |       |       |       |       |       |     3 |    14 |     2 ||    19
       Shroud of Golubri |       |       |       |       |       |       |    22 |     1 ||    23
       Regeneration      |       |       |       |       |       |       |       |     2 ||     2
Invok: Forget Spell      |       |       |       |       |     1 |       |     1 |       ||     2
 Abil: Dig               |       |       |     3 |    17 |    36 |    19 |    10 |       ||    85
Evoke: Wand              |       |       |       |       |       |     6 |       |       ||     6
  Use: Scroll            |       |       |     4 |     6 |     3 |     5 |     6 |       ||    24
       Potion            |       |       |     1 |     4 |     2 |     1 |     2 |       ||    10
 Stab: Sleeping          |     2 |     2 |     2 |     1 |     5 |    13 |    20 |     2 ||    47
       Confused          |       |     1 |    13 |    61 |    92 |    23 |    30 |       ||   220
       Distracted        |       |       |       |     1 |     3 |     9 |    13 |       ||    26
       Invisible         |       |       |       |     1 |    12 |    10 |    24 |     8 ||    55
       Petrified         |       |       |       |       |       |       |     2 |       ||     2
       Petrifying        |       |       |       |       |       |       |     1 |       ||     1
  Eat: Chunk             |     3 |     7 |    14 |    30 |    38 |    32 |    41 |     2 ||   167
       Ration            |       |     1 |     2 |     1 |     3 |     2 |     1 |       ||    10
Armor: Ring mail         |    35 |    34 |    91 |   177 |   351 |   182 |   150 |    10 ||  1030
       Robe              |     1 |       |       |       |       |       |       |       ||     1
       Plate armour      |       |       |       |       |       |    19 |       |       ||    19
Dodge: Dodged            |    66 |    63 |   145 |   260 |   537 |   547 |   473 |    24 ||  2115
Block: Buckler           |       |       |       |       |    35 |   222 |   159 |       ||   416
       Large shield      |       |       |       |       |       |       |   202 |    62 ||   264
       Reflection        |       |       |       |       |       |       |    27 |     1 ||    28
       Rpst.: Scimitar   |       |       |       |    67 |   124 |     7 |       |       ||   198
       Demon blade       |       |       |       |       |    15 |   104 |    86 |     8 ||   213
